[Event "*** SCC Grand Prix: Titled Tuesday Blitz"]
[Site "Chess.com"]
[Date "2020.09.29"]
[Round "2"]
[White "ChrisTool2"]
[Black "kagg1125"]
[Result "0-1"]
[WhiteElo "2320"]
[BlackElo "2556"]
[TimeControl "180+1"]
[EndTime "10:13:57 PDT"]
[Termination "kagg1125 won by resignation"]

1. d4 Nf6 2. c4 g6 3. f3 Nh5 4.
Nc3 e5 5. Nh3 Bg7 6. d5 O-O 7.
Nf2 d6 8. e3 f5 9. Be2 f4 10.
exf4 exf4 11. O-O Qh4 12. Nb5 Na6 13. Nd4 Bd7 14. Re1 Rae8 15. Bf1 Bxd4 16. Qxd4 Rxe1 17. b4 Qf6 18. Qd2 Rxf1+ 0-1

[Event "*** SCC Grand Prix: Titled Tuesday Blitz"]
[Site "Chess.com"]
[Date "2020.09.29"]
[Round "2"]
[White "Emp3rador"]
[Black "rakshi2005"]
[Result "0-1"]
[WhiteElo "2422"]
[BlackElo "2267"]
[TimeControl "180+1"]
[EndTime "10:14:00 PDT"]
[Termination "rakshi2005 won by resignation"]

1. e4 e5 2. Nf3 Nc6 3. Bc4 Bc5 4. O-O Nf6 5. Nc3 d6 6. h3 h6 7.
d3 g5 8. Be3 g4 9. hxg4 Bxg4 10. Bxc5 dxc5 11. Bb5 Rg8 12. Re1 Nh5 13. Nd5 Bh3 14.
g3 a6 15. Bxc6+ bxc6 16. Nxe5 Nxg3 17. Qf3 Nf1+ 18. Kh1 Bg2+ 19. Qxg2 Qh4+ 20. Kg1 Qh2+ 21. Kxf1 Qxg2+ 22. Ke2 cxd5 23. exd5 O-O-O 24. Kd2 Qxf2+ 25. Re2 Qf4+ 26. Re3 Rg2+ 0-1

[Event "*** SCC Grand Prix: Titled Tuesday Blitz"]
[Site "Chess.com"]
[Date "2020.09.29"]
[Round "2"]
[White "Beltraxtor"]
[Black "Zemerovv"]
[Result "1-0"]
[WhiteElo "2583"]
[BlackElo "2305"]
[TimeControl "180+1"]
[EndTime "10:14:05 PDT"]
[Termination "Beltraxtor won by resignation"]

1. e4 g6 2. d4 Bg7 3. Nc3 d6 4. Nf3 a6 5. Be2 b5 6. O-O Bb7 7. Re1 b4 8. Nd5 e6 9. Nxb4 Bxe4 10. Ng5 Bb7 11. Bf3 d5 12. c4 Ne7 13. cxd5 Nxd5 14.
Qa4+ Kf8 15. Rxe6 Kg8 16. Re8+ 1-0

[Event "*** SCC Grand Prix: Titled Tuesday Blitz"]
[Site "Chess.com"]
[Date "2020.09.29"]
[Round "2"]
[White "juancruzarias"]
[Black "Dr-Bassem"]
[Result "1-0"]
[WhiteElo "2513"]
[BlackElo "2755"]
[TimeControl "180+1"]
[EndTime "10:14:06 PDT"]
[Termination "juancruzarias won by resignation"]

1. e4 e5 2. Nf3 Nc6 3. Nc3 Nf6 4. d4 exd4 5. Nxd4 Bb4 6. Nxc6 bxc6 7. Bd3 d5 8. exd5 cxd5 9. O-O O-O 10. Bg5 c6 11. Qf3 Be7 12. Rae1 h6 13. Bxh6 gxh6 14. Qe3 d4 15.
Qxh6 dxc3 16. Re5 Ne4 17. Rh5 1-0

[Event "*** SCC Grand Prix: Titled Tuesday Blitz"]
[Site "Chess.com"]
[Date "2020.09.29"]
[Round "2"]
[White "Alexsur1981"]
[Black "IANOV0007"]
[Result "1-0"]
[WhiteElo "2748"]
[BlackElo "2484"]
[TimeControl "180+1"]
[EndTime "10:14:12 PDT"]
[Termination "Alexsur1981 won by resignation"]

1. e4 d6 2. d4 Nf6 3. f3 g6 4.
c4 Bg7 5. Nc3 Nbd7 6. Be3 c5 7.
Nge2 cxd4 8. Nxd4 O-O 9. Qd2 a6 10. Be2 Ne5 11. O-O Bd7 12. Rac1 Rc8 13. b3 Re8 14.
Rfd1 e6 15. Bf1 Qa5 16. Nde2 Bf8 17. Bh6 Bxh6 18. Qxh6 Bc6 19. Kh1 Red8 20. Qg5 Kg7 21. Nd4 Nxc4 22. Qxa5 Nxa5 23. b4 Bxe4 24. Nxe4 Nxe4 25.
fxe4 Nc6 26. Nxc6 bxc6 27. Bxa6 Rc7 28. a4 d5 29. b5 c5 30. b6 Rc6 31. a5 c4 32. exd5 exd5 33. Bb7 Rc5 34. a6 d4 35. a7 c3 36. a8=Q Rxa8 37. Bxa8 1-0

[Event "*** SCC Grand Prix: Titled Tuesday Blitz"]
[Site "Chess.com"]
[Date "2020.09.29"]
[Round "2"]
[White "esrosenberg"]
[Black "CM_rui"]
[Result "1-0"]
[WhiteElo "2210"]
[BlackElo "2395"]
[TimeControl "180+1"]
[EndTime "10:14:12 PDT"]
[Termination "esrosenberg won by resignation"]

1. Nf3 Nf6 2. c4 e6 3. Nc3 c5 4. g3 d5 5. cxd5 exd5 6. d4 c4 7. Bg2 Nc6 8. O-O Bb4 9. Bg5 Bxc3 10. bxc3 O-O 11. e4 dxe4 12. Nd2 Qd5 13. Bxf6 gxf6 14. Nxe4 Qd8 15. Qh5 Re8 16. Rae1 Kh8 17. Nxf6 Qxf6 18. Rxe8+ Kg7 19. Rxc8 Rxc8 20. Qg4+ Qg6 21. Qxc8 Na5 22. Qc7 b6 23. Qe5+ f6 24. Qe7+ Kh6 25. Be4 f5 26. Qf8+ Kg5 27. h4+ Kg4 28. Bxf5+ Qxf5 29. f3+ Kxg3 30.
Qxf5 1-0

[Event "*** SCC Grand Prix: Titled Tuesday Blitz"]
[Site "Chess.com"]
[Date "2020.09.29"]
[Round "2"]
[White "Meri-Arabidze"]
[Black "FontVella8"]
[Result "1-0"]
[WhiteElo "2716"]
[BlackElo "2472"]
[TimeControl "180+1"]
[EndTime "10:14:14 PDT"]
[Termination "Meri-Arabidze won by resignation"]

1. d4 d5 2. c4 dxc4 3. Nf3 Nf6 4. e3 e6 5. Bxc4 c5 6. O-O a6 7. a4 Nc6 8. Nc3 cxd4 9. exd4 Be7 10. Qe2 O-O 11. Rd1 Nb4 12. Ne5 Kh8 13. Bg5 h6 14. Bh4 Nfd5 15. Bg3 Bf6 16. Rac1 b6 17. Ne4 Bb7 18.
Nxf6 Nxf6 19. Bh4 Bd5 20. b3 Qe7 21. Rc3 Rac8 22. Rh3 b5 23. axb5 axb5 24. Bxb5 Rc2 25. Qe3 Rfc8 26. Bc4 Kg8 27. Rg3 Kf8 28. Bxf6 gxf6 29.
Qxh6+ 1-0

[Event "*** SCC Grand Prix: Titled Tuesday Blitz"]
[Site "Chess.com"]
[Date "2020.09.29"]
[Round "2"]
[White "TheMagnet"]
[Black "SergeyKarjakin"]
[Result "0-1"]
[WhiteElo "2595"]
[BlackElo "2965"]
[TimeControl "180+1"]
[EndTime "10:14:15 PDT"]
[Termination "SergeyKarjakin won by resignation"]

1. d4 Nf6 2. c4 e6 3. Nc3 Bb4 4. f3 d5 5. a3 Bxc3+ 6. bxc3 c6 7. cxd5 cxd5 8. e3 O-O 9. c4 Nc6 10. cxd5 exd5 11. Bd3 Na5 12. Ne2 Bd7 13. O-O Rc8 14. e4 dxe4 15. fxe4 Bg4 16. e5 Nd5 17. h3 Nc3 18.
Nxc3 Bxd1 19. Nxd1 Qxd4+ 0-1

[Event "*** SCC Grand Prix: Titled Tuesday Blitz"]
[Site "Chess.com"]
[Date "2020.09.29"]
[Round "2"]
[White "picturesquecheck"]
[Black "Tactictic"]
[Result "0-1"]
[WhiteElo "2197"]
[BlackElo "2414"]
[TimeControl "180+1"]
[EndTime "10:14:32 PDT"]
[Termination "Tactictic won by resignation"]

1. e4 c5 2. Nf3 d6 3. d4 cxd4 4. Nxd4 Nf6 5. Nc3 a6 6. Be3 e5 7. Nb3 Be6 8. f3 h5 9. Qd2 Be7 10. Nd5 Bxd5 11. exd5 Nbd7 12. O-O-O O-O 13. Kb1 a5 14. c4 a4 15. Nc1 Qa5 16. Qc2 Rfc8 17. Bd2 Qc5 18. h3 b5 19. g4 bxc4 20. gxh5 Rab8 21.
Ka1 a3 22. bxa3 Nxd5 23. Rg1 Qd4+ 24. Bc3 Qxc3+ 0-1

[Event "*** SCC Grand Prix: Titled Tuesday Blitz"]
[Site "Chess.com"]
[Date "2020.09.29"]
[Round "2"]
[White "Makswolf200817"]
[Black "KingHarii"]
[Result "0-1"]
[WhiteElo "2421"]
[BlackElo "2700"]
[TimeControl "180+1"]
[EndTime "10:14:37 PDT"]
[Termination "KingHarii won by resignation"]

1. d4 d5 2. c4 e6 3. Nc3 Nf6 4. cxd5 exd5 5. Bg5 c6 6. Qc2 Be7 7. e3 h6 8. Bh4 Nbd7 9. Bd3 Nh5 10. Bxe7 Qxe7 11. Nge2 O-O 12. O-O a5 13. Rae1 b5 14. a4 b4 15. Nb1 c5 16. dxc5 Nxc5 17. Bb5 Be6 18. Nd4 Rac8 19. Qe2 Nf6 20. Nd2 Qd6 21. Rc1 Bd7 22. N2b3 Nxa4 23. Nxa5 Qb6 24. Bxd7 Nxd7 25. Nac6 Rce8 26. Qd2 Ne5 27. b3 Nc3 28. Nxb4 Ne4 29. Qe1 Qd6 30. Nbc6 Ng4 31. g3 Ng5 32. Qe2 f5 33. Nxf5 Rxf5 34. Qf3 Nxf3+ 0-1

[Event "*** SCC Grand Prix: Titled Tuesday Blitz"]
[Site "Chess.com"]
[Date "2020.09.29"]
[Round "2"]
[White "Martins-BR"]
[Black "grunbergmihai"]
[Result "0-1"]
[WhiteElo "2296"]
[BlackElo "2463"]
[TimeControl "180+1"]
[EndTime "10:14:43 PDT"]
[Termination "grunbergmihai won by resignation"]

1. e4 Nf6 2. Nc3 d5 3. e5 Nfd7 4. e6 fxe6 5. d4 c5 6. Nf3 Nc6 7. Be3 g6 8. h4 Bg7 9. h5 cxd4 10.
Nxd4 Nxd4 11. Bxd4 e5 12. hxg6 exd4 13. Nb5 Qa5+ 14.
c3 dxc3 15. b4 Qxb4 16. Qc2 Qb2 17. Rc1 Qxc2 18. Rxc2 O-O 19. Nc7 Rb8 20. Ne6 hxg6 21. Nxf8 Nxf8 22. Bd3 Bf5 23. Bxf5 gxf5 24. Ke2 b5 25. a3 Ne6 0-1

[Event "*** SCC Grand Prix: Titled Tuesday Blitz"]
[Site "Chess.com"]
[Date "2020.09.29"]
[Round "2"]
[White "goldenpuppy"]
[Black "Ermito2020"]
[Result "0-1"]
[WhiteElo "2387"]
[BlackElo "2677"]
[TimeControl "180+1"]
[EndTime "10:14:47 PDT"]
[Termination "Ermito2020 won by checkmate"]

1. e4 e6 2. d4 d5 3. Nc3 Bb4 4. e5 c5 5. a3 Bxc3+ 6. bxc3 Ne7 7. Qg4 cxd4 8. Qxg7 Rg8 9. Qxh7 Qc7 10. Ne2 Nbc6 11. f4 dxc3 12. Qd3 d4 13. Nxd4 Nxd4 14. Qxd4 Bd7 15.
Rg1 Nf5 16. Qf2 Qc6 17. Bd3 Qd5 18. Be3 Bc6 19. g4 Nxe3 20. Qxe3 O-O-O 21. Qxa7 Qf3 22. Qf2 Rxg4 23. Rxg4 Qxg4 24. Rb1 Kb8 25. a4 Rg8 26. a5 Qg1+ 27. Bf1 Qh1 28. a6 Qe4+ 29. Qe2 Qxf4 30. axb7 Rg5 31. Qa6 Qd2# 0-1

[Event "*** SCC Grand Prix: Titled Tuesday Blitz"]
[Site "Chess.com"]
[Date "2020.09.29"]
[Round "2"]
[White "Paladin61"]
[Black "SergioGarciaFuentes"]
[Result "1-0"]
[WhiteElo "2629"]
[BlackElo "2187"]
[TimeControl "180+1"]
[EndTime "10:14:49 PDT"]
[Termination "Paladin61 won by resignation"]

1. b3 d5 2. Bb2 Nf6 3. g3 g6 4. Nf3 Bg7 5. c4 c6 6. Bg2 O-O 7.
O-O Bg4 8. d3 Re8 9. Nbd2 a5 10.
a3 Na6 11. h3 Bf5 12. Qc2 Rc8 13. Rac1 b5 14. Qb1 bxc4 15. bxc4 Rb8 16. Qa1 Qd7 17. Ne5 Qe6 18. cxd5 cxd5 19. Rc6 Rxb2 20. Qxb2 1-0

[Event "*** SCC Grand Prix: Titled Tuesday Blitz"]
[Site "Chess.com"]
[Date "2020.09.29"]
[Round "2"]
[White "gmcorrales"]
[Black "manitodeplomo"]
[Result "0-1"]
[WhiteElo "2870"]
[BlackElo "2572"]
[TimeControl "180+1"]
[EndTime "10:14:50 PDT"]
[Termination "manitodeplomo won by resignation"]

1. e4 c5 2. Nf3 e6 3. d4 cxd4 4. Nxd4 Nf6 5. Nc3 Bb4 6. e5 Nd5 7. Qg4 Kf8 8. Bd2 d6 9. exd6 Qxd6 10. O-O-O Bxc3 11. Bxc3 Nxc3 12. bxc3 Qa3+ 13. Kb1 Nc6 14. Bb5 e5 15. Qh4 exd4 16. Bxc6 Be6 17. Rxd4 Bxa2+ 18. Ka1 Bb3+ 19. Kb1 Qa2+ 0-1

[Event "*** SCC Grand Prix: Titled Tuesday Blitz"]
[Site "Chess.com"]
[Date "2020.09.29"]
[Round "2"]
[White "eCztery"]
[Black "Mazetovic"]
[Result "0-1"]
[WhiteElo "2318"]
[BlackElo "2548"]
[TimeControl "180+1"]
[EndTime "10:14:50 PDT"]
[Termination "Mazetovic won by resignation"]

1. e4 c5 2. Nf3 Nc6 3. d4 cxd4 4. Nxd4 g6 5. c4 Bg7 6. Be3 Nf6 7. Nc3 O-O 8. Be2 d6 9. O-O Bd7 10. Rc1 Nxd4 11. Bxd4 Bc6 12. f3 a5 13. b3 Nd7 14. Kh1 Bxd4 15. Qxd4 f6 16. f4 Nc5 17. e5 Ne6 18. Qe3 dxe5 19. fxe5 Qd4 20. Qxd4 Nxd4 21. exf6 exf6 22. Bg4 f5 23. Bh3 Rad8 24. Kg1 Rfe8 25. Rfe1 Kf7 26. Rcd1 Ne2+ 27. Rxe2 Rxd1+ 0-1

[Event "*** SCC Grand Prix: Titled Tuesday Blitz"]
[Site "Chess.com"]
[Date "2020.09.29"]
[Round "2"]
[White "Superfelix"]
[Black "anon102030"]
[Result "0-1"]
[WhiteElo "2483"]
[BlackElo "2745"]
[TimeControl "180+1"]
[EndTime "10:14:52 PDT"]
[Termination "anon102030 won by resignation"]

1. e4 e5 2. Nf3 Nc6 3. d4 exd4 4. Nxd4 Bc5 5. Nf5 Bf8 6. Nc3 g6 7. Ne3 Bg7 8. h4 d6 9. h5 Be6 10. Ned5 g5 11. Be3 h6 12. Qd2 Ne5 13. Nb5 Bxd5 14.
exd5 a6 15. Nd4 Ne7 16. c4 Qd7 17. Bd3 O-O 18. O-O-O c5 19. Nc2 b5 20. f4 gxf4 21. Bxf4 bxc4 22. Be2 Rab8 23. Ne3 Nd3+ 24. Bxd3 Bxb2+ 25. Kc2 Qa4+ 26. Kb1 0-1

[Event "*** SCC Grand Prix: Titled Tuesday Blitz"]
[Site "Chess.com"]
[Date "2020.09.29"]
[Round "2"]
[White "MomchilPetkov"]
[Black "ChessWarrior7197"]
[Result "0-1"]
[WhiteElo "2589"]
[BlackElo "2950"]
[TimeControl "180+1"]
[EndTime "10:14:55 PDT"]
[Termination "ChessWarrior7197 won by resignation"]

1. e4 e5 2. Nf3 Nc6 3. Bb5 a6 4. Ba4 Nf6 5. O-O Nxe4 6. d4 b5 7. Bb3 d5 8. dxe5 Be6 9. Qe2 Be7 10. Rd1 O-O 11. c4 bxc4 12. Bxc4 Bc5 13. Be3 Bxe3 14. Qxe3 Qb8 15. Bb3 Qb6 16. Qxb6 cxb6 17. Na3 Rfd8 18. Nc2 Na5 19. Ncd4 Rac8 20. Rac1 Nc4 21. Bxc4 dxc4 22. Nc6 Rxd1+ 23. Rxd1 Kf8 24. Ncd4 c3 25. bxc3 Bxa2 26. Ra1 Nxc3 27. g4 b5 28. Nf5 b4 29. Nd6 Rb8 30. Nd2 b3 31. N2c4 b2 32. Nxb2 Rxb2 33. Kg2 Rb1 34. Rxb1 Bxb1 35. Kf3 a5 36. Ke3 a4 37. Nc4 Ke7 38. Kd4 Nb5+ 39. Kc5 a3 40. Nd2 Bc2 0-1

[Event "*** SCC Grand Prix: Titled Tuesday Blitz"]
[Site "Chess.com"]
[Date "2020.09.29"]
[Round "2"]
[White "Funo09"]
[Black "djogrodek1"]
[Result "1-0"]
[WhiteElo "2850"]
[BlackElo "2530"]
[TimeControl "180+1"]
[EndTime "10:14:59 PDT"]
[Termination "Funo09 won by resignation"]

1. e4 c5 2. Nc3 Nc6 3. Bb5 Nd4 4. Nf3 a6 5. Bd3 g6 6. O-O Bg7 7. Nxd4 cxd4 8. Ne2 Nf6 9. e5 Ng4 10. f4 d6 11. h3 Nh6 12. exd6 Qxd6 13. Ng3 O-O 14. Be4 Rb8 15. d3 Nf5 16. Qf3 Nxg3 17. Qxg3 Bf5 18. Bxf5 gxf5 19. Bd2 Rbc8 20. Rf2 Rc6 21. Re1 Rfc8 22.
c4 dxc3 23. Bxc3 Qf6 24. Bxf6 1-0

[Event "*** SCC Grand Prix: Titled Tuesday Blitz"]
[Site "Chess.com"]
[Date "2020.09.29"]
[Round "2"]
[White "Infernal_XaM"]
[Black "davigator"]
[Result "1-0"]
[WhiteElo "2842"]
[BlackElo "2350"]
[TimeControl "180+1"]
[EndTime "10:15:00 PDT"]
[Termination "Infernal_XaM won by resignation"]

1. d4 Nf6 2. c4 e6 3. Nc3 Bb4 4. Bd2 d5 5. cxd5 exd5 6. e3 O-O 7. Bd3 c6 8. Nge2 a5 9. O-O Re8 10. f3 Nbd7 11. Kh1 Nf8 12. g4 Ng6 13. Ng3 Nh4 14.
a3 Bd6 15. g5 Nd7 16. e4 dxe4 17. fxe4 Nf8 18. Qh5 Nhg6 19. Nce2 c5 20. Bc4 Be6 21.
Bxe6 Nxe6 22. d5 Nef8 23. a4 Nd7 24. Bc3 Be5 25. Rf2 Rf8 26. Raf1 Qb6 27. Nf5 Rae8 28. Rf3 Ne7 29. Nxg7 Bxg7 30. Bxg7 Kxg7 31. Rxf7+ 1-0

[Event "*** SCC Grand Prix: Titled Tuesday Blitz"]
[Site "Chess.com"]
[Date "2020.09.29"]
[Round "2"]
[White "Akmal_Fayzullaev"]
[Black "ApacheSVD"]
[Result "1-0"]
[WhiteElo "2247"]
[BlackElo "2412"]
[TimeControl "180+1"]
[EndTime "10:15:00 PDT"]
[Termination "Akmal_Fayzullaev won on time"]

1. e4 c5 2. Nc3 a6 3. Nge2 d6 4. g3 b5 5. Bg2 Bb7 6. d4 cxd4 7. Nxd4 e6 8. O-O Be7 9. Re1 Nd7 10. a4 b4 11. Na2 a5 12. c3 bxc3 13. Nxc3 Nc5 14. Ndb5 Ra6 15. Be3 Nf6 16. e5 Nfd7 17. exd6 O-O 18.
dxe7 Qxe7 19. Bxb7 Nxb7 20. Qf3 Nbc5 21. Rad1 Ne5 22.
Qe2 Nb3 23. Bf4 1-0

[Event "*** SCC Grand Prix: Titled Tuesday Blitz"]
[Site "Chess.com"]
[Date "2020.09.29"]
[Round "2"]
[White "killer311"]
[Black "GmSergioBarrientos"]
[Result "0-1"]
[WhiteElo "2442"]
[BlackElo "2691"]
[TimeControl "180+1"]
[EndTime "10:15:05 PDT"]
[Termination "GmSergioBarrientos won by checkmate"]

1. d4 Nf6 2. c4 e6 3. Nc3 Bb4 4. Bd2 d5 5. e3 O-O 6. Nf3 c5 7. a3 cxd4 8. exd4 Be7 9. cxd5 Nxd5 10. Bd3 Nc6 11. O-O Bf6 12. Nxd5 exd5 13. Bc3 Bg4 14. h3 Bxf3 15. Qxf3 Bxd4 16. Bxd4 Nxd4 17. Qg4 Ne6 18. Rad1 Qf6 19. b4 g6 20. Bc2 Rad8 21. Bb3 h5 22. Qg3 Nf4 23. Rd2 Rfe8 24. Rfd1 Ne2+ 25. Rxe2 Rxe2 26. Rxd5 Rxd5 27. Bxd5 h4 28. Qc7 Qxf2+ 29. Kh1 Re1+ 30. Kh2 Qg1# 0-1

[Event "*** SCC Grand Prix: Titled Tuesday Blitz"]
[Site "Chess.com"]
[Date "2020.09.29"]
[Round "2"]
[White "chessmachine14"]
[Black "Omk124"]
[Result "1-0"]
[WhiteElo "2297"]
[BlackElo "2435"]
[TimeControl "180+1"]
[EndTime "10:15:07 PDT"]
[Termination "chessmachine14 won by resignation"]

1. e4 g6 2. d4 Bg7 3. Nc3 c6 4. h3 d6 5. f4 e5 6. dxe5 Qh4+ 7. Ke2 Bg4+ 8. hxg4 Qxh1 9. Qxd6 Qxg1 10. Be3 Qxe3+ 11. Kxe3 Nd7 12. Rd1 O-O-O 13. Nb5 cxb5 14. Bxb5 Ngf6 15. exf6 Nxf6 16. Qc5+ Kb8 17. Qe5+ Ka8 18. Rxd8+ Rxd8 19. Qe7 Rf8 20. g5 Ng8 21. Qc7 Bxb2 22. Bc4 f6 23. Bd5 Rb8 24. a4 h6 25. a5 1-0

[Event "*** SCC Grand Prix: Titled Tuesday Blitz"]
[Site "Chess.com"]
[Date "2020.09.29"]
[Round "2"]
[White "biostatistician"]
[Black "northridgehawk"]
[Result "1-0"]
[WhiteElo "2567"]
[BlackElo "2324"]
[TimeControl "180+1"]
[EndTime "10:15:08 PDT"]
[Termination "biostatistician won by resignation"]

1. d4 Nf6 2. Nf3 g6 3. c4 Bg7 4.
Nc3 d5 5. cxd5 Nxd5 6. e4 Nxc3 7. bxc3 c5 8. Be3 O-O 9. Rc1 Bg4 10. Be2 cxd4 11. cxd4 Qa5+ 12. Qd2 Qxd2+ 13. Nxd2 Bxe2 14.
Kxe2 Rd8 15. Nb3 Nc6 16. d5 Ne5 17. Rc7 Rd7 18. Rhc1 Rad8 19. Bxa7 e6 20. Rxd7 Nxd7 21. dxe6 fxe6 22. Rc7 Ne5 23. Rxb7 Nd3 24. g3 Nb2 25. Rb8 Rxb8 26. Bxb8 Na4 27. Kd3 Kf7 28. f4 Ke7 29. e5 Kd7 30. Bd6 Kc6 31. h4 h6 32. g4 Kd5 33. g5 hxg5 34. hxg5 Nb2+ 35. Ke3 Nc4+ 36. Kf3 Nxd6 37. exd6 Kxd6 38. Ke4 Bc3 39. Nd4 Ba5 40. Nf3 Bc3 41. Nh4 e5 42. fxe5+ Bxe5 43. Nxg6 Bb2 44.
Kf5 Ba3 45. Ne5 Kd5 46. g6 Bb2 47. g7 1-0

[Event "*** SCC Grand Prix: Titled Tuesday Blitz"]
[Site "Chess.com"]
[Date "2020.09.29"]
[Round "2"]
[White "GianmarcoVaR"]
[Black "BilodeauA"]
[Result "0-1"]
[WhiteElo "2555"]
[BlackElo "2882"]
[TimeControl "180+1"]
[EndTime "10:15:09 PDT"]
[Termination "BilodeauA won by resignation"]

1. d4 d5 2. c4 dxc4 3. Nf3 a6 4. a4 Nf6 5. e3 Bg4 6. Bxc4 e6 7. O-O Nc6 8. Nbd2 Bd6 9. h3 Bh5 10. Be2 O-O 11.
Nc4 Nd5 12. Qb3 Rb8 13. Bd2 f5 14. Rac1 Nce7 15. Rfe1 c6 16. Ng5 Bxe2 17. Rxe2 Rf6 18. e4 Nf4 19. Bxf4 Bxf4 20. Nf3 Bxc1 0-1

[Event "*** SCC Grand Prix: Titled Tuesday Blitz"]
[Site "Chess.com"]
[Date "2020.09.29"]
[Round "2"]
[White "SARGISMV"]
[Black "JonahWillow"]
[Result "0-1"]
[WhiteElo "2493"]
[BlackElo "2760"]
[TimeControl "180+1"]
[EndTime "10:15:09 PDT"]
[Termination "JonahWillow won by resignation"]

1. d4 Nf6 2. Nf3 e6 3. c4 c5 4. d5 exd5 5. cxd5 d6 6. Nc3 g6 7. Bg5 Bg7 8. Qd2 h6 9. Bf4 Nh5 10. Be3 a6 11. a4 Nd7 12. g3 Rb8 13. Bg2 b5 14. axb5 axb5 15. O-O b4 16. Ne4 Ndf6 17. Nxf6+ Nxf6 18. Bf4 g5 19. Be3 O-O 20. Rfe1 Bb7 21.
h4 Nxd5 22. hxg5 Nxe3 23. Qxe3 hxg5 24. Nxg5 Bxb2 25. Ra7 Bf6 26. Ne4 Bxe4 27. Bxe4 Bg5 28. Qf3 Qf6 29. Qg4 Rfe8 30. Bd5 Re7 31. Rxe7 Qxe7 32.
f4 b3 33. fxg5 b2 34. Be4 Rb4 35. Qf5 Qxe4 36. Qc8+ Kg7 37. Qh3 b1=Q 38. Qh6+ Kg8 0-1

[Event "*** SCC Grand Prix: Titled Tuesday Blitz"]
[Site "Chess.com"]
[Date "2020.09.29"]
[Round "2"]
[White "lachesisQ"]
[Black "vpsetter"]
[Result "1-0"]
[WhiteElo "3106"]
[BlackElo "2610"]
[TimeControl "180+1"]
[EndTime "10:15:11 PDT"]
[Termination "lachesisQ won by resignation"]

1. b3 e5 2. Bb2 Nc6 3. Nf3 Qe7 4. c4 f5 5. Nc3 e4 6. Nd5 Qd6 7. Nh4 Nge7 8. Nxe7 Nxe7 9. g3 Qh6 10. Bg2 d6 11. d3 exd3 12. Qxd3 f4 13. O-O Ng6 14. Nf5 Qg5 15. Qe4+ Kf7 16. Qd5+ Be6 17. Nxd6+ 1-0

[Event "*** SCC Grand Prix: Titled Tuesday Blitz"]
[Site "Chess.com"]
[Date "2020.09.29"]
[Round "2"]
[White "Sashadav97"]
[Black "Playgood28"]
[Result "1-0"]
[WhiteElo "2562"]
[BlackElo "2321"]
[TimeControl "180+1"]
[EndTime "10:15:13 PDT"]
[Termination "Sashadav97 won by resignation"]

1. d4 f5 2. c4 Nf6 3. Nc3 g6 4.
h4 Bg7 5. h5 Nxh5 6. e4 Nf6 7. e5 Ng8 8. f4 e6 9. Nf3 d6 10. Be3 Nc6 11. Qc2 h6 12. O-O-O d5 13. g4 Nge7 14. Bh3 fxg4 15. Bxg4 Nf5 16. Bxf5 gxf5 17. Rdg1 Rh7 18. Qg2 Ne7 19. Ng5 Rh8 20. Nf7 1-0

[Event "*** SCC Grand Prix: Titled Tuesday Blitz"]
[Site "Chess.com"]
[Date "2020.09.29"]
[Round "2"]
[White "seorobert1971"]
[Black "vanyakuba"]
[Result "1-0"]
[WhiteElo "2709"]
[BlackElo "2463"]
[TimeControl "180+1"]
[EndTime "10:15:21 PDT"]
[Termination "seorobert1971 won by resignation"]

1. c4 e6 2. Nc3 d5 3. d4 c5 4.
cxd5 cxd4 5. Qxd4 Nc6 6. Qd1 exd5 7.
Qxd5 Be6 8. Qxd8+ Rxd8 9. Bd2 Nb4 10. Rc1 Nxa2 11. Nxa2 Bxa2 12. e4 a6 13. Nf3 Nf6 14.
e5 Ne4 15. Ba5 b6 16. Bxb6 Rb8 17. Bd4 Bb4+ 18. Ke2 O-O 19. Ke3 f5 20. Bxa6 Kh8 21.
Bc4 Bxc4 22. Rxc4 Be7 23. Rhc1 Rb3+ 24. Ke2 g5 25. Rc7 Re8 26. Rc8 Rxc8 27. e6+ 1-0

[Event "*** SCC Grand Prix: Titled Tuesday Blitz"]
[Site "Chess.com"]
[Date "2020.09.29"]
[Round "2"]
[White "theblitzchamp"]
[Black "Godzillator"]
[Result "1-0"]
[WhiteElo "2633"]
[BlackElo "2340"]
[TimeControl "180+1"]
[EndTime "10:15:22 PDT"]
[Termination "theblitzchamp won by resignation"]

1. e4 c6 2. d4 d5 3. exd5 cxd5 4. Bd3 Nc6 5. c3 Nf6 6. Bf4 Bg4 7. Qb3 Qc8 8. Nd2 e6 9. Ngf3 Bh5 10. Ne5 Nxe5 11. Bxe5 a6 12. O-O Be7 13. f4 Bg6 14. Qc2 Bxd3 15. Qxd3 g6 16. Rae1 O-O 17. Qh3 b5 18.
a3 a5 19. g4 b4 20. axb4 axb4 21. f5 bxc3 22. bxc3 Ra2 23. Rf2 exf5 24. gxf5 Re8 25. Qd3 Ne4 26. Nxe4 dxe4 27. Qxe4 Rxf2 28. Kxf2 Qxc3 29. Bf6 Rb8 30. Qxe7 Qd2+ 31. Kg1 Qd3 32. Qe8+ 1-0

[Event "*** SCC Grand Prix: Titled Tuesday Blitz"]
[Site "Chess.com"]
[Date "2020.09.29"]
[Round "2"]
[White "krasavetc"]
[Black "StellarChessPro"]
[Result "0-1"]
[WhiteElo "2304"]
[BlackElo "2503"]
[TimeControl "180+1"]
[EndTime "10:15:22 PDT"]
[Termination "StellarChessPro won by resignation"]

1. Nf3 d5 2. e3 Nf6 3. d4 g6 4. c4 Bg7 5. Be2 Kf8 6. O-O c6 7.
Nc3 h6 8. Qb3 Kg8 9. Ne5 e6 10.
cxd5 exd5 11. Bd2 Nbd7 12. f3 Nxe5 13. dxe5 Nd7 14. f4 Nc5 15. Qa3 Bf8 16. b4 Ne6 17. Qb2 d4 18. Ne4 Be7 19. Rad1 a5 20. bxa5 c5 21. Kh1 Kh7 22. Bc4 Rf8 23. exd4 Nxd4 24. Bc3 Bf5 25. Bxd4 cxd4 26. Rxd4 Qxa5 27. Rfd1 b5 28.
Bd5 Rad8 29. Ng3 Bg4 30. Bf3 Rxd4 31. Qc1 Rxd1+ 32. Qxd1 Bxf3 33. Qxf3 Qe1+ 34. Nf1 Rd8 0-1

[Event "*** SCC Grand Prix: Titled Tuesday Blitz"]
[Site "Chess.com"]
[Date "2020.09.29"]
[Round "2"]
[White "chessmaGIA"]
[Black "MateusViageiro"]
[Result "0-1"]
[WhiteElo "1618"]
[BlackElo "2354"]
[TimeControl "180+1"]
[EndTime "10:15:23 PDT"]
[Termination "MateusViageiro won by resignation"]

1. d4 Nf6 2. c4 e6 3. Nc3 d5 4.
cxd5 exd5 5. Bg5 c6 6. e3 Nbd7 7. Bd3 h6 8. Bh4 Be7 9. Qc2 O-O 10. Nge2 Re8 11. O-O Ne4 12. Bxe7 Qxe7 13. Ng3 Ndf6 14.
Rae1 Nxc3 15. bxc3 Ng4 16. Nf5 Bxf5 17. Bxf5 Nf6 18.
f3 a5 19. e4 Qc7 20. Re2 c5 21. Rfe1 dxe4 22. fxe4 cxd4 23. cxd4 Qxc2 24. Rxc2 g6 25.
Bh3 Nxe4 26. Rce2 Nf6 27. Kf2 Kf8 28. Rb1 Rab8 29. g3 Rxe2+ 30. Kxe2 b5 31. Kd3 Nd5 32. Bg2 Nb4+ 33. Ke4 Nxa2 34. Bf1 Nc3+ 0-1

[Event "*** SCC Grand Prix: Titled Tuesday Blitz"]
[Site "Chess.com"]
[Date "2020.09.29"]
[Round "2"]
[White "eightbyeightchess"]
[Black "Zarinur"]
[Result "1-0"]
[WhiteElo "2409"]
[BlackElo "2178"]
[TimeControl "180+1"]
[EndTime "10:15:25 PDT"]
[Termination "eightbyeightchess won by checkmate"]

1. e4 e5 2. Nf3 Nc6 3. d4 exd4 4.
c3 d5 5. exd5 Qxd5 6. cxd4 Bg4 7. Be2 Bb4+ 8. Nc3 Nf6 9. O-O Bxc3 10. bxc3 O-O 11. c4 Qd8 12. d5 Bxf3 13. Bxf3 Ne5 14. Be2 Qd6 15. Bb2 Nfd7 16. Qd4 f6 17. Kh1 Rfe8 18.
f4 Nf7 19. Bg4 Nc5 20. Rae1 Nh6 21. Bh5 g6 22. Bf3 Nf5 23. Qxf6 Qxf6 24. Bxf6 Ne3 25. Rxe3 Rxe3 26. Bd4 Ra3 27. Bxc5 Rxa2 28. d6 cxd6 29.
Bxd6 Rc2 30. Bxb7 Rd8 31. c5 a5 32. h4 a4 33. f5 a3 34. f6 Rd7 35. Bd5+ Kh8 36. Be5 Rf7 37. Bxf7 a2 38. Bxa2 Rxa2 39.
f7# 1-0